PA
SOUTH BEACH BLAZE @ EUGENE VANDALS
08/08/2042
 
TOP OF THE 1ST
South Beach Blaze batting - Pitching for Eugene Vandals : RHP Lang Lian
Pitching: RHP Lang Lian
Batting: LHB Enrique Emperador 0-0: Ball
1-0: Called Strike
1-1: DOUBLE (Line Drive, 7LS, EV 110.6 MPH)
Batting: LHB Ángel López 0-0: Foul Ball, location: 2F
0-1: Ball
1-1: Called Strike
1-2: Ball
2-2: Strikes out swinging
Batting: LHB Tony Parra 0-0: Ball
1-0: Ground out U3 (Groundball, 3, EV 81.2 MPH)
Enrique Emperador to third
Batting: RHB Manny Opio 0-0: Ball
1-0: Swinging Strike
1-1: Ball
2-1: SINGLE (Line Drive, 8LS, EV 86.2 MPH)
Enrique Emperador scores
Batting: RHB Carlos Rivera 0-0: Called Strike
0-1: Foul Ball, location: 2F
0-2: Foul Ball, location: 2F
0-2: Ground out U3 (Groundball, 3S, EV 83.8 MPH)
Top of the 1st over - 1 run, 2 hits, 0 errors, 1 left on base; South Beach 1 - Eugene 0
BOTTOM OF THE 1ST
Eugene Vandals batting - Pitching for South Beach Blaze : RHP Pedro Arredondo
Pitching: RHP Pedro Arredondo
Batting: RHB Will Ross 0-0: Swinging Strike
0-1: Called Strike
0-2: Foul Ball, location: 2F
0-2: Ball
1-2: Strikes out swinging
Batting: RHB Ángel Júlio 0-0: Fly out, F7 (Flyball, 7, EV 86.9 MPH)
Batting: RHB Adrián Serrano 0-0: DOUBLE (Groundball, 5L, EV 105.0 MPH)
Batting: LHB Roosevelt Cartledge 0-0: Ball
1-0: SINGLE (Groundball, 5S, EV 73.1 MPH) (infield hit)
Adrián Serrano to third
Batting: SHB Dave Richards 0-0: SINGLE (Groundball, 34S, EV 88.1 MPH) (infield hit)
Adrián Serrano scores
Roosevelt Cartledge to second
Batting: RHB Edgar Rodríguez 0-0: Foul Ball, location: 2F
0-1: SINGLE (Flyball, 7S, EV 96.2 MPH)
Roosevelt Cartledge to third
Dave Richards to second
Runner from 3rd tries for Home, SAFE, no throw by LF
Batting: LHB Gustavo Palácios 0-0: Ball
1-0: Foul Ball, location: 2F
1-1: Ball
2-1: Ball
3-1: Foul Ball, location: 2F
3-2: Foul Ball, location: 2F
3-2: Foul Ball, location: 2F
3-2: Ground out 4-3 (Groundball, 4, EV 86.9 MPH)
Bottom of the 1st over - 2 runs, 4 hits, 0 errors, 2 left on base; South Beach 1 - Eugene 2
TOP OF THE 2ND
South Beach Blaze batting - Pitching for Eugene Vandals : RHP Lang Lian
Batting: LHB Raúl Miranda 0-0: Bunt for hit to 3S - play at first, batter OUT! 3-4
Batting: RHB Juan Tilve 0-0: Called Strike
0-1: Ball
1-1: Called Strike
1-2: Strikes out swinging
Batting: LHB Juan Carlos Duprat 0-0: Fly out, F9 (Flyball, 9D, EV 97.5 MPH)
Top of the 2nd over - 0 runs, 0 hits, 0 errors, 0 left on base; South Beach 1 - Eugene 2
BOTTOM OF THE 2ND
Eugene Vandals batting - Pitching for South Beach Blaze : RHP Pedro Arredondo
Batting: RHB Mike Brock 0-0: Called Strike
0-1: Swinging Strike
0-2: Strikes out swinging
Batting: RHB Nate Martin 0-0: Ball
1-0: Ball
2-0: Called Strike
2-1: Foul Ball, location: 2F
2-2: Ground out 5-3 (Groundball, 5, EV 80.6 MPH)
Batting: RHB Will Ross 0-0: Called Strike
0-1: Ball
1-1: Called Strike
1-2: Strikes out swinging
Bottom of the 2nd over - 0 runs, 0 hits, 0 errors, 0 left on base; South Beach 1 - Eugene 2
TOP OF THE 3RD
South Beach Blaze batting - Pitching for Eugene Vandals : RHP Lang Lian
Batting: RHB Pablo Peñaranda 0-0: Ball
1-0: Ball
2-0: Called Strike
2-1: Called Strike
2-2: Strikes out swinging
Batting: LHB Enrique Emperador 0-0: Ball
1-0: DOUBLE (Line Drive, 78D, EV 108.1 MPH)
Batting: LHB Ángel López 0-0: Called Strike
0-1: Ball
1-1: Swinging Strike
1-2: Ball
2-2: Foul Ball, location: 2F
2-2: Ball
3-2: Strikes out swinging
Batting: LHB Tony Parra 0-0: Called Strike
0-1: Ball
1-1: Ball
2-1: DOUBLE (Line Drive, 89M, EV 93.1 MPH)
Enrique Emperador scores
Batting: RHB Manny Opio 0-0: Ball
1-0: Called Strike
1-1: Ball
2-1: Ball
3-1: Base on Balls
Batting: RHB Carlos Rivera 0-0: Ball
1-0: TRIPLE (Flyball, 7D, EV 100.0 MPH)
Tony Parra scores
Manny Opio scores
Batting: LHB Raúl Miranda 0-0: Called Strike
0-1: Fly out, F8 (Flyball, 8RM, EV 92.5 MPH)
Top of the 3rd over - 3 runs, 3 hits, 0 errors, 1 left on base; South Beach 4 - Eugene 2
BOTTOM OF THE 3RD
Eugene Vandals batting - Pitching for South Beach Blaze : RHP Pedro Arredondo
Batting: RHB Ángel Júlio 0-0: DOUBLE (Flyball, 89XD, EV 97.5 MPH)
Batting: RHB Adrián Serrano 0-0: Ball
1-0: Swinging Strike
1-1: Foul Ball, location: 2F
1-2: Ball
2-2: Ball
3-2: Base on Balls
Batting: LHB Roosevelt Cartledge 0-0: Ball
1-0: Ball
2-0: Fly out, F8 (Flyball, 8LS, EV 91.2 MPH)
Batting: SHB Dave Richards 0-0: Grounds into double play, 6-4-3 (Groundball, 6, EV 100.6 MPH)
Bottom of the 3rd over - 0 runs, 1 hit, 0 errors, 1 left on base; South Beach 4 - Eugene 2
TOP OF THE 4TH
South Beach Blaze batting - Pitching for Eugene Vandals : RHP Lang Lian
Batting: RHB Juan Tilve 0-0: Ball
1-0: Ball
2-0: Ball
3-0: Called Strike
3-1: DOUBLE (Flyball, 8RXD, EV 101.2 MPH)
Batting: LHB Juan Carlos Duprat 0-0: Ball
1-0: SINGLE (Flyball, 89M, EV 92.5 MPH)
Juan Tilve to third
Batting: RHB Pablo Peñaranda 0-0: Ball
1-0: Ball
2-0: Foul Ball, location: 2F
2-1: Foul Ball, location: 2F
2-2: DOUBLE (Line Drive, 9LM, EV 103.8 MPH)
Juan Tilve scores
Juan Carlos Duprat to third
Pitching: RHP Hugo Piñón
Batting: LHB Enrique Emperador 0-0: Foul Ball, location: 2F
0-1: Ball
1-1: Foul Ball, location: 2F
1-2: Fly out, F7 (Flyball, 78D, EV 105.0 MPH)
Runner from 3rd tags up, SCORES, no throw by LF
Batting: LHB Ángel López 0-0: 2-RUN HOME RUN (Line Drive, 9LD, EV 98.1 MPH), Distance : 357 ft
Batting: LHB Tony Parra 0-0: Ball
1-0: Ball
2-0: DOUBLE (Flyball, 9LD, EV 90.0 MPH)
Batting: RHB Manny Opio 0-0: Called Strike
0-1: Called Strike
0-2: Ball
1-2: Ball
2-2: Foul Ball, location: 2F
2-2: Foul Ball, location: 2F
2-2: Ground out 6-3 (Groundball, 6, EV 85.6 MPH)
Batting: RHB Carlos Rivera 0-0: Ball
1-0: Ball
2-0: Called Strike
2-1: Ball
3-1: Base on Balls
Batting: LHB Raúl Miranda 0-0: Called Strike
0-1: Ball
1-1: Ball
2-1: Swinging Strike
2-2: Strikes out swinging
Top of the 4th over - 4 runs, 5 hits, 0 errors, 2 left on base; South Beach 8 - Eugene 2
BOTTOM OF THE 4TH
Eugene Vandals batting - Pitching for South Beach Blaze : RHP Pedro Arredondo
Batting: RHB Edgar Rodríguez 0-0: Foul Ball, location: 2F
0-1: Foul Ball, location: 2F
0-2: Ball
1-2: Ball
2-2: Ball
3-2: Foul Ball, location: 2F
3-2: Foul Ball, location: 2F
3-2: Ground out 6-3 (Groundball, 6, EV 104.4 MPH)
Batting: LHB Gustavo Palácios 0-0: Ball
1-0: Foul Ball, location: 2F
1-1: Ball
2-1: Ball
3-1: Foul Ball, location: 2F
3-2: Base on Balls
Batting: RHB Mike Brock 0-0: Ball
1-0: Ball
2-0: Ball
3-0: Base on Balls
Gustavo Palácios to second
Batting: RHB Nate Martin 0-0: Fielders Choice at 2nd, 3-6 (Groundball, 3, EV 102.5 MPH)
Gustavo Palácios to third
Batting: RHB Will Ross 0-0: Called Strike
0-1: Ball
1-1: Ball
2-1: Ball
3-1: Base on Balls
Nate Martin to second
Batting: RHB Ángel Júlio 0-0: Ball
1-0: SINGLE (Groundball, 4S, EV 62.5 MPH) (infield hit)
Gustavo Palácios scores
Nate Martin to third
Will Ross to second
Batting: RHB Adrián Serrano 0-0: Ball
1-0: Called Strike
1-1: Ball
2-1: Ball
3-1: Fielders Choice at 2nd, 5-4 (Groundball, 56, EV 88.8 MPH)
Bottom of the 4th over - 1 run, 1 hit, 0 errors, 3 left on base; South Beach 8 - Eugene 3
TOP OF THE 5TH
South Beach Blaze batting - Pitching for Eugene Vandals : RHP Hugo Piñón
Batting: RHB Juan Tilve 0-0: Ball
1-0: Called Strike
1-1: Ground out 4-3 (Groundball, 4, EV 77.5 MPH)
Batting: LHB Juan Carlos Duprat 0-0: Called Strike
0-1: Ball
1-1: Ball
2-1: SINGLE (Groundball, 6D, EV 98.1 MPH)
Batting: RHB Pablo Peñaranda 0-0: Ball
1-0: Ball
2-0: Foul Ball, location: 2F
2-1: Foul Ball, location: 2F
2-2: Ball
3-2: Foul Ball, location: 2F
3-2: Strikes out looking
Batting: LHB Enrique Emperador 0-0: Ball
1-0: Swinging Strike
1-1: Foul Ball, location: 2F
1-2: Ball
2-2: Strikes out swinging
Top of the 5th over - 0 runs, 1 hit, 0 errors, 1 left on base; South Beach 8 - Eugene 3
BOTTOM OF THE 5TH
Eugene Vandals batting - Pitching for South Beach Blaze : RHP Pedro Arredondo
Batting: LHB Roosevelt Cartledge 0-0: Ball
1-0: Ground out U3 (Groundball, 3, EV 84.4 MPH)
Batting: SHB Dave Richards 0-0: Ball
1-0: Ball
2-0: DOUBLE (Groundball, 3L, EV 110.0 MPH)
Batting: RHB Edgar Rodríguez 0-0: Ball
1-0: Ball
2-0: DOUBLE (Groundball, 5L, EV 103.1 MPH)
Dave Richards scores
Batting: LHB Gustavo Palácios 0-0: Swinging Strike
0-1: SINGLE (Groundball, 4D, EV 104.4 MPH)
Edgar Rodríguez to third
Runner from 3rd tries for Home, SAFE, no throw by CF
Pitching: RHP Keith Lynskey
Batting: RHB Mike Brock 0-0: Called Strike
0-1: Ball
1-1: Called Strike
1-2: Ball
2-2: Foul Ball, location: 2F
2-2: Strikes out swinging
Batting: RHB Nate Martin 0-0: DOUBLE (Line Drive, 89M, EV 99.4 MPH)
Gustavo Palácios to third
Batting: RHB Will Ross 0-0: Called Strike
0-1: Ground out 3-1 (Groundball, 34, EV 82.5 MPH)
Bottom of the 5th over - 2 runs, 4 hits, 0 errors, 2 left on base; South Beach 8 - Eugene 5
TOP OF THE 6TH
South Beach Blaze batting - Pitching for Eugene Vandals : RHP Hugo Piñón
Batting: LHB Ángel López 0-0: Fly out, F7 (Flyball, 78M, EV 78.1 MPH)
Batting: LHB Tony Parra 0-0: Ball
1-0: Foul Ball, location: 2F
1-1: Ball
2-1: Ball
3-1: Base on Balls
Pitching: RHP Tommy Moore
Batting: RHB Manny Opio 0-0: Fly out, F6 (Line Drive, 6, EV 68.8 MPH)
Batting: RHB Carlos Rivera 0-0: DOUBLE (Groundball, 5L, EV 100.0 MPH)
Tony Parra to third
Runner from 3rd tries for Home, SAFE, no throw by LF
Batting: LHB Raúl Miranda 0-0: Foul Ball, location: 2F
0-1: Ball
1-1: Ball
2-1: Ball
3-1: SINGLE (Groundball, 34D, EV 101.2 MPH)
Carlos Rivera to third
Runner from 3rd tries for Home, SAFE, no throw by RF
Batting: RHB Juan Tilve 0-0: Called Strike
Raúl Miranda is caught stealing 2nd base 2-4
Top of the 6th over - 2 runs, 2 hits, 0 errors, 0 left on base; South Beach 10 - Eugene 5
BOTTOM OF THE 6TH
Eugene Vandals batting - Pitching for South Beach Blaze : RHP Keith Lynskey
Batting: RHB Ángel Júlio 0-0: Called Strike
0-1: Foul Ball, location: 2F
0-2: Strikes out looking
Batting: RHB Adrián Serrano 0-0: Ball
1-0: Foul Ball, location: 2F
1-1: SINGLE (Groundball, 56D, EV 106.9 MPH)
Batting: LHB Roosevelt Cartledge 0-0: Called Strike
0-1: Called Strike
0-2: Strikes out swinging
Batting: SHB Dave Richards 0-0: Ball
1-0: Ball
2-0: Ball
3-0: Called Strike
3-1: Foul Ball, location: 2F
3-2: SINGLE (Line Drive, 7S, EV 110.0 MPH)
Adrián Serrano to second
Adrián Serrano to third
Batting: RHB Edgar Rodríguez 0-0: Foul Ball, location: 2F
0-1: Ball
1-1: SINGLE (Groundball, 6MD, EV 108.1 MPH)
Adrián Serrano scores
Dave Richards to second
Batting: LHB Gustavo Palácios 0-0: Called Strike
0-1: Swinging Strike
0-2: Ball
1-2: SINGLE (Line Drive, 78S, EV 108.1 MPH)
Dave Richards to third
Edgar Rodríguez to second
Runner from 3rd tries for Home, SAFE, throw by CF to home
Batting: RHB Mike Brock 0-0: Ball
1-0: Called Strike
1-1: Swinging Strike
1-2: Ball
2-2: Ball
3-2: Foul Ball, location: 2F
3-2: Strikes out swinging
Bottom of the 6th over - 2 runs, 4 hits, 0 errors, 2 left on base; South Beach 10 - Eugene 7
TOP OF THE 7TH
South Beach Blaze batting - Pitching for Eugene Vandals : RHP Tommy Moore
Batting: RHB Juan Tilve 0-0: Ball
1-0: Ball
2-0: Called Strike
2-1: Ball
3-1: DOUBLE (Line Drive, 89D, EV 108.8 MPH)
Batting: LHB Juan Carlos Duprat 0-0: Called Strike
0-1: DOUBLE (Line Drive, 8LXD, EV 105.0 MPH)
Juan Tilve scores
Batting: RHB Pablo Peñaranda 0-0: Called Strike
0-1: Called Strike
0-2: Foul Ball, location: 2F
0-2: Ball
1-2: Ball
2-2: Foul Ball, location: 2F
2-2: Strikes out swinging
Batting: LHB Enrique Emperador 0-0: SINGLE (Groundball, 3D, EV 98.8 MPH)
Juan Carlos Duprat to third
Runner from 3rd tries for Home, SAFE, no throw by RF
Batting: LHB Ángel López 0-0: Ball
1-0: 2-RUN HOME RUN (Flyball, 89XD, EV 90.0 MPH), Distance : 451 ft
Pitching: LHP Jake Sewell
Batting: LHB Tony Parra 0-0: Called Strike
0-1: Ball
1-1: Ball
2-1: Foul Ball, location: 2F
2-2: Foul Ball, location: 2F
2-2: Strikes out swinging
Pinch Hitting: SHB Dave Scott 0-0: Ball
1-0: Called Strike
1-1: Foul Ball, location: 2F
1-2: Ball
2-2: Ball
3-2: Foul Ball, location: 2F
3-2: Strikes out swinging
Top of the 7th over - 4 runs, 4 hits, 0 errors, 0 left on base; South Beach 14 - Eugene 7
BOTTOM OF THE 7TH
Eugene Vandals batting - Pitching for South Beach Blaze : RHP Keith Lynskey
Now at 2B: Dave Scott
Batting: RHB Nate Martin 0-0: Swinging Strike
0-1: Ball
1-1: Ball
2-1: Foul Ball, location: 2F
2-2: Foul Ball, location: 2F
2-2: Ball
3-2: Strikes out swinging
Batting: RHB Will Ross 0-0: Fly out, F8 (Flyball, 89M, EV 94.4 MPH)
Pinch Hitting: LHB Marcos Vargas 0-0: Foul Ball, location: 2F
0-1: Fly out, F8 (Flyball, 89D, EV 98.8 MPH)
Bottom of the 7th over - 0 runs, 0 hits, 0 errors, 0 left on base; South Beach 14 - Eugene 7
TOP OF THE 8TH
South Beach Blaze batting - Pitching for Eugene Vandals : LHP Jake Sewell
Now in LF: Marcos Vargas
Batting: RHB Carlos Rivera 0-0: Called Strike
0-1: Ground out 5-3 (Groundball, 56S, EV 84.4 MPH)
Batting: LHB Raúl Miranda 0-0: Called Strike
0-1: Ball
1-1: Fly out, F7 (Flyball, 7LM, EV 90.6 MPH)
Batting: RHB Juan Tilve 0-0: DOUBLE (Flyball, 89XD, EV 93.8 MPH)
Batting: LHB Juan Carlos Duprat 0-0: Ball
1-0: Ball
2-0: Called Strike
2-1: Ground out 1-3 (Groundball, 13, EV 69.4 MPH)
Top of the 8th over - 0 runs, 1 hit, 0 errors, 1 left on base; South Beach 14 - Eugene 7
BOTTOM OF THE 8TH
Eugene Vandals batting - Pitching for South Beach Blaze : RHP Keith Lynskey
Batting: RHB Adrián Serrano 0-0: DOUBLE (Line Drive, 8LXD, EV 110.6 MPH)
Pinch Hitting: RHB Johnny Schultz 0-0: Ball
1-0: Fly out, F8 (Flyball, 89XD, EV 86.9 MPH)
Runner from 2nd tags up, SAFE at 3rd, no throw by CF
Pinch Hitting: RHB Masaaki Hakui 0-0: Swinging Strike
0-1: Called Strike
0-2: Ball
1-2: Ball
2-2: Ground out 5-3 (Groundball, 56, EV 102.5 MPH)
Adrián Serrano scores
Batting: RHB Edgar Rodríguez 0-0: Ball
1-0: Ball
2-0: Foul Ball, location: 2F
2-1: Foul Ball, location: 2F
2-2: Strikes out swinging
Bottom of the 8th over - 1 run, 1 hit, 0 errors, 0 left on base; South Beach 14 - Eugene 8
TOP OF THE 9TH
South Beach Blaze batting - Pitching for Eugene Vandals : LHP Jake Sewell
Now at 3B: Ken Francis
Now in RF: Johnny Schultz
Batting: RHB Pablo Peñaranda 0-0: Called Strike
0-1: Foul Ball, location: 2F
0-2: Strikes out swinging
Batting: LHB Enrique Emperador 0-0: Called Strike
0-1: Swinging Strike
0-2: Foul Ball, location: 2F
0-2: Ball
1-2: Foul Ball, location: 2F
1-2: Ball
2-2: Strikes out swinging
Batting: LHB Ángel López 0-0: Foul Ball, location: 2F
0-1: Fly out, F4 (Popup, 4MD, EV 51.9 MPH)
Top of the 9th over - 0 runs, 0 hits, 0 errors, 0 left on base; South Beach 14 - Eugene 8
BOTTOM OF THE 9TH
Eugene Vandals batting - Pitching for South Beach Blaze : RHP Keith Lynskey
Batting: LHB Gustavo Palácios 0-0: Ball
1-0: Swinging Strike
1-1: SINGLE (Flyball, 89M, EV 86.9 MPH)
Pitching: RHP Dan Smith
Batting: RHB Mike Brock 0-0: Swinging Strike
0-1: Ball
1-1: Ball
2-1: Ball
3-1: Base on Balls
Gustavo Palácios to second
Batting: RHB Nate Martin 0-0: Ball
1-0: Ball
2-0: Called Strike
2-1: Swinging Strike
2-2: Strikes out looking
Batting: RHB Will Ross 0-0: Fly out, F7 (Flyball, 78S, EV 78.8 MPH)
Batting: LHB Marcos Vargas 0-0: Ball
1-0: Swinging Strike
1-1: Ball
2-1: Ball
3-1: Fly out, F7 (Flyball, 7LSF, EV 93.8 MPH)
Bottom of the 9th over - 0 runs, 1 hit, 0 errors, 2 left on base; South Beach 14 - Eugene 8
Friday, March 26th, 2021 - OOTP Baseball 20.8 Build 74